 Dungeon Crawl Stone Soup version 0.29.0-4-gdea44cf6ec (webtiles) character file.

Game seed: 6071915932436191941

63 SnakkuSnakku7 the Caller (level 3, -1/25 HPs)
             Began as a Palentonga Summoner on Aug 27, 2022.
             Was a Follower of Trog.
             Slain by a kobold
             ... wielding a +0 dagger
              (3 damage)
             ... on level 2 of the Dungeon.
             The game lasted 00:02:34 (1996 turns).

SnakkuSnakku7 the Caller (Palentonga Summoner)      Turns: 1996, Time: 00:02:39

Health: -1/25      AC:  6    Str: 15    XL:     3   Next: 87%
Magic:  6/6        EV:  9    Int: 15    God:    Trog [*.....]
Gold:   76         SH:  0    Dex: 10    Spells: 5/6 levels left

rFire   . . .      SeeInvis +   a - +0 quarterstaff
rCold   + . .      Faith    .   (shield currently unavailable)
rNeg    . . .      Spirit   .   j - +0 robe
rPois   .          Reflect  .   (no helmet)
rElec   .          Harm     .   (no cloak)
rCorr   .          Rampage  .   (no gloves)
Will    .....                   (no barding)
Stlth   +.........              (no amulet)
HPRegen 0.08/turn               (no ring)
MPRegen 0.10/turn               (no ring)

@: lethally poisoned (-1 -> -24)
A: large, rugged brown scales 3, see invisible, deformed body, roll 2, armoured
tail, iridescent scales 1, cold resistance 1, screaming 1
a: Rolling Charge, Renounce Religion, Berserk


You were on level 2 of the Dungeon.
You worshipped Trog.
Trog was aware of your devotion.
You visited 1 branch of the dungeon, and saw 2 of its levels.

You collected 76 gold pieces.

Inventory:

Hand Weapons
 a - a +0 quarterstaff (weapon)
 c - a +0 hand axe
Armour
 j - a +0 robe (worn)
Scrolls
 d - 2 scrolls of identify {unknown}
 h - a scroll of fear {unknown}
 i - a scroll of immolation
 m - 2 scrolls of teleportation {unknown}
 n - a scroll of torment {unknown}
Potions
 b - a potion of magic
 e - a potion of invisibility {unknown}
 g - a potion of lignification {unknown}
 k - a potion of flight {unknown}
 l - a potion of heal wounds {unknown}


   Skills:
 + Level 2.0 Staves
 - Level 1.5 Dodging
 - Level 1.2 Stealth
 - Level 2.0 Spellcasting
 - Level 4.1 Summonings


You had 5 spell levels left.
You knew the following spells:

 Your Spells              Type           Power      Damage    Failure   Level
a - Summon Small Mammal   Summ           56%        N/A       4%          1

Your spell library contained the following spells:

 Spells                   Type           Power      Damage    Failure   Level
 Call Imp                 Summ           14%        N/A       6%          2
 Call Canine Familiar     Summ           14%        N/A       12%         3
 Summon Guardian Golem    Hex/Summ       7%         N/A       28%         3
 Summon Lightning Spire   Summ/Air       7%         N/A       67%         4


Dungeon Overview and Level Annotations

Branches:
Dungeon (1/15)

Altars:
Trog


Innate Abilities, Weirdness & Mutations

You are completely covered in rugged brown scales. (AC +3, +7% HP)
You have supernaturally acute eyesight. (SInv)
Armour fits poorly on your strangely shaped body.
You can roll at foes to attack.
You have a long armoured tail.
You are partially covered in iridescent scales. (AC +2)
Your flesh is cold resistant. (rC+)
You occasionally shout uncontrollably at your foes.


Message History

Moving in this stuff is going to be slow.
A kobold comes into view.
It is wielding a +0 short sword of venom.
Found 16 gold pieces.
A kobold is nearby!
A kobold is nearby! 2 kobolds and a rat come into view.
The kobold shouts!
You hear a shout! x2
A kobold comes into view. It is wielding a +0 club.
A kobold comes into view. It is wielding a +0 whip.
The rat barely misses you.
You barely miss the rat.
The kobold shouts!
Your tail-slap misses the rat.
The rat bites you.
You sock the rat!
You kill the rat!
Trog accepts your kill. The kobold hits you but does no damage.
You are poisoned.
You closely miss the kobold.
You feel sick. The kobold hits you but does no damage.
The kobold hits you with a +0 short sword of venom.
You are more poisoned.
The kobold hits you but does no damage. x2
The kobold attacks as you move away! The kobold barely misses you.
You feel very sick.
The kobold hits you with a +0 short sword of venom.
You are lethally poisoned!
The kobold attacks as you move away! The kobold hits you with a +0 club.
The kobold attacks as you move away! The kobold hits you but does no damage.
You are more poisoned.
* * * LOW HITPOINT WARNING * * *
You feel extremely sick.
It was a potion of mutation.
You feel extremely strange.
You feel resistant to cold.
You feel you can roll further.
You feel the urge to shout.
Iridescent scales grow over part of your body.
* * * LOW HITPOINT WARNING * * *
You feel very sick. The kobold hits you with a +0 dagger.
You die...

##.≈≈~.#.#.#
#≈~...~≈#
#..~~~~..#.#
#≈~.$.~~#
#).~≈....#.#
#≈~...~≈#
...~≈.~..#.#
#≈~...~≈#
#.~~≈....#.#
#~.....~#
#.~~≈~~~...#
#...†...#
#~~≈~...#..#
#..KK.#
#~~~~.~~#.##
###K###
#~~~~.~~#..####.@.#
#..~............###
#..~.........####
##.~≈........#
...≈≈~....#.##
...≈≈.......#
..#≈≈#....###
..#≈####..# ..#≈#
##.#


You could see 3 kobolds.

Vanquished Creatures
  2 adders (D:2)
  A dart slug (D:2)
  3 endoplasms
  3 giant cockroaches (D:1)
  A goblin (D:2)
  6 hobgoblins
  2 jackals (D:1)
  A quokka (D:1)
  3 ball pythons (D:1)
  5 bats
  4 kobolds
  4 rats
35 creatures vanquished.

Vanquished Creatures (collateral kills)
  A bat (D:1)
  2 jackals (D:1)
3 creatures vanquished.

Grand Total: 38 creatures vanquished

Notes
Turn   | Place    | Note
-------+----------+-------------------------------------------
     0 | D:1      | SnakkuSnakku7 the Palentonga Summoner began the quest for
                  | the Orb.
     0 | D:1      | Reached XP level 1. HP: 13/13 MP: 3/3
     2 | D:1      | Noticed a vine stalker
     4 | D:1      | Noticed a spriggan
     4 | D:1      | Noticed a palentonga
     6 | D:1      | Noticed a naga
     6 | D:1      | Noticed an ogre
     8 | D:1      | Noticed a meteoran
     8 | D:1      | Noticed a vampire
    10 | D:1      | Noticed a ghoul
    10 | D:1      | Noticed a minotaur
    14 | D:1      | Noticed a felid
    14 | D:1      | Noticed a demigod
    16 | D:1      | Noticed a demonspawn
    16 | D:1      | Noticed an octopode
    18 | D:1      | Noticed a human
    18 | D:1      | Noticed a draconian
    20 | D:1      | Noticed a troll
    20 | D:1      | Noticed a gargoyle
    22 | D:1      | Noticed an elf
    22 | D:1      | Noticed a merfolk
    24 | D:1      | Noticed a formicid
    24 | D:1      | Noticed an ogre
    26 | D:1      | Noticed a draconian
    26 | D:1      | Noticed a naga
   120 | D:1      | Reached XP level 2. HP: 7/20 MP: 5/5
   574 | D:1      | Reached skill level 4 in Summonings
  1139 | D:1      | You fall into a shaft and drop 1 floor!
  1140 | D:2      | Found a faded altar of an unknown god.
  1151 | D:2      | Reached XP level 3. HP: 25/25 MP: 6/6
  1158 | D:2      | Prayed at the altar of an unknown god.
  1158 | D:2      | Became a worshipper of Trog the Wrathful
  1158 | D:2      | Reached * piety under Trog
  1279 | D:2      | Noticed Sigmund
  1488 | D:2      | Reached skill level 1 in Staves
  1588 | D:2      | HP: 1/25 [poisoned by an adder]
  1996 | D:2      | Gained mutation: Your flesh is cold resistant. (rC+)
                  | [potion of mutation]
  1996 | D:2      | Gained mutation: You can roll at foes to attack. [potion of
                  | mutation]
  1996 | D:2      | Gained mutation: You occasionally shout uncontrollably at
                  | your foes. [potion of mutation]
  1996 | D:2      | Gained mutation: You are partially covered in iridescent
                  | scales. (AC +2) [potion of mutation]
  1996 | D:2      | Slain by a kobold

Illustrated notes

Levels and vault maps discovered:
D:1:      kb_arrival_jail, layout_basic
D:2:      minmay_kobold_bridge, layout_basic, serial_rivers,
          chequers_serial_rivers_micro_c, chequers_serial_rivers_micro_b,
          chequers_serial_rivers_micro_c, chequers_serial_rivers_small_3,
          chequers_serial_rivers_micro_d, hellmonk_ecumenical_altar_blasted,
          kennysheep_potato, uniq_sigmund

Skill      XL: |  1  2  3 |
---------------+----------+-----
Summonings     | 4 |  4.1
Staves         | 2 |  2.0
Dodging        | |  1.5
Stealth        | |  1.2
Spellcasting   | |  2.0

Action                   || total
-------------------------++-------
Melee: Hand axe          ||    52
       Tailslap          ||    13
       Quarterstaff      ||    42
 Cast: Summon Small Mamm ||     1
  Use: Potion            ||     1
 Stab: Sleeping          ||     3
Armor: Robe              ||    76
Dodge: Dodged            ||    72
